 Seeded DCSS version 0.30.1-3-gfc49f6343a (webtiles) character file.

Game seed: 4330188523251229928 (custom seed)

58696 CInkIbrahim the Tortoise (level 15, -1/208 HPs)
             Began as a Formicid Fighter on July 21, 2023.
             Was a Priest of Lugonu.
             Slain by an orc warrior
             ... wielding a +0 battleaxe
             ... summoned by an orange crystal statue
              (12 damage)
             ... on level 2 of the Orcish Mines.
             The game lasted 00:48:30 (22476 turns).

CInkIbrahim the Tortoise (Formicid Fighter)        Turns: 22476, Time: 00:48:31

Health: -1/208     AC: 27    Str: 28    XL:     15   Next: 31%
Magic:  0/20       EV:  2    Int: -8 (14) God:    Lugonu [***...]
Gold:   1409       SH: 12    Dex: 13    Spells: 14/14 levels left

rFire   + . .        a - +2 halberd (freeze)
rCold   + . .        c - +1 buckler
rNeg    . . .        S - melded +8 chain mail {ponderous}
rPois   +            (helmet unavailable)
rElec   +            D - melded +0 cloak {rCorr}
rCorr   +            s - melded +0 pair of gloves
SInv    .            t - melded +2 pair of boots "Monar" {Will+ MP+9}
Will    +++..        g - amulet of reflection
Stlth   +            z - +6 ring of intelligence
HPRegen 0.54/turn    L - ring of willpower
MPRegen 0.17/turn

%: reflection
@: mighty, brilliant, tree-form, resistant, slowed, lost intelligence, studying
Long Blades, unable to read, very slow
A: stationary, stasis, torment immunity, boosted hp, permanent stasis, dig
shafts and tunnels, (antennae 3), four strong arms, strong-willed 1, (poison
resistance), robust 1, MP-powered wands
a: Renounce Religion, Depart the Abyss, Banish


You were on level 2 of the Orcish Mines.
You worshipped Lugonu.
Lugonu was most pleased with you.
You were a tree.
You visited 4 branches of the dungeon, and saw 19 of its levels.
You also visited: Sewer.

You collected 2006 gold pieces.
You spent 597 gold pieces at shops.

Inventory:

Hand Weapons
 a - a +2 halberd of freezing (weapon)
 b - a +2 antimagic trident
 O - a +0 halberd of protection
Missiles
 h - 62 poisoned darts
 y - 3 throwing nets
 J - 3 curare-tipped darts (quivered)
 M - 5 atropa-tipped darts
 Q - 2 datura-tipped darts
Armour
 c - a +1 buckler (worn)
 i - a +2 robe of cold resistance
 n - a +1 robe of fire resistance
 s - a +0 pair of gloves (melded)
 t - the +2 pair of boots "Monar" (melded) {Will+ MP+9}
   (You acquired it on level 7 of the Dungeon)

   MP:        It affects your magic capacity (+9).
   Will:      It increases your willpower.
 D - a +0 cloak of preservation (melded)
 E - a +0 cloak of willpower
 S - a +8 chain mail of ponderousness (melded)
 V - a +0 troll leather armour
Jewellery
 g - an amulet of reflection (around neck)
 k - a +6 ring of strength
 l - a ring of wizardry
 q - an amulet of guardian spirit
 z - a +6 ring of intelligence (left branch)
 G - an amulet of faith
 L - a ring of willpower (right branch)
 N - an amulet of regeneration
Wands
 d - a wand of iceblast (16)
 o - a wand of paralysis (11)
 v - a wand of acid (13)
 T - a wand of mindburst (12)
 U - a wand of polymorph (8)
Scrolls
 f - a scroll of identify
 w - a scroll of enchant armour
 B - 2 scrolls of vulnerability
 C - a scroll of fog
 F - 2 scrolls of enchant weapon
 K - 3 scrolls of magic mapping
 P - 3 scrolls of immolation
 W - a scroll of brand weapon
 Y - 5 scrolls of poison
 Z - a scroll of fear
Potions
 j - 2 potions of flight
 m - 6 potions of attraction
 p - 2 potions of brilliance
 r - a potion of mutation
 H - a potion of heal wounds
 R - 7 potions of curing


   Skills:
 + Level 14.4 Fighting
 + Level 14.5 Polearms
 * Level 15.1 Armour
 - Level 10.5 Shields
 * Level 7.1 Invocations


You had 14 spell levels left.
You didn't know any spells.
Your spell library contained the following spells:

 Spells                   Type           Power      Damage    Failure   Level
 Sandblast                Erth           0%         2d4       63%         1
 Lesser Beckoning         Tloc           0%         N/A       77%         2
 Passwall                 Tmut/Erth      0%         N/A       77%         2
 Sublimation of Blood     Necr           0%         N/A       77%         2
 Gell's Gravitas          Tloc           0%         N/A       94%         3
 Inner Flame              Hex/Fire       0%         N/A       94%         3
 Ozocubu's Armour         Ice            0%         N/A       94%         3
 Stone Arrow              Conj/Erth      0%         3d7       94%         3
 Teleport Other           Tloc           0%         N/A       94%         3
 Cause Fear               Hex            0%         N/A       100%        4
 Passage of Golubria      Tloc           0%         N/A       100%        4
 Petrify                  Tmut/Erth      0%         N/A       100%        4
 Summon Ice Beast         Ice/Summ       0%         N/A       100%        4
 Irradiate                Conj/Tmut      0%         3d11      100%        5
 Metabolic Englaciation   Hex/Ice        0%         N/A       100%        5
 Silence                  Hex/Air        0%         N/A       100%        5
 Summon Mana Viper        Hex/Summ       0%         N/A       100%        5
 Yara's Violent Unravell  Hex/Tmut       0%         3d3       100%        5
 Simulacrum               Ice/Necr       0%         N/A       100%        6
 Dragon Form              Tmut           0%         N/A       100%        7
 Enfeeble                 Hex            0%         N/A       100%        7
 Monstrous Menagerie      Summ           0%         N/A       100%        7
 Lehudib's Crystal Spear  Conj/Erth      0%         10d2      100%        8
 Dragon's Call            Summ           0%         N/A       100%        9


Dungeon Overview and Level Annotations

Branches:
Dungeon (11/15)            Temple (1/1) D:5            Lair (5/5) D:10
 Shoals (0/4) Lair:2        Snake (0/4) Lair:3        Slime (0/5) Lair:4
    Orc (2/2) D:9             Elf (0/3) Orc:2         Sewer (visited)

Altars:
Ashenzari
Cheibriados
Dithmenos
Elyvilon
Fedhas
Gozag
Hepliaklqana
Kikubaaqudgha
Makhleb
Nemelex Xobeh
Okawaru
Qazlal
Ru
Sif Muna
Trog
Uskayaw
Vehumet
Wu Jian
Xom
Yredelemnul
Zin
The Shining One
Jiyva
Lugonu

Shops:
D:6 [   D:9 *   D:11 *   Orc:1 *   Orc:2 [=[:*

Portals:
Abyss: Lair:4

Annotations:
D:5 1 runed translucent door, javelincjr's ghost, novice HOBe
Lair:1 1 runed translucent door, FallenXxXSky's ghost, journeyman HuCK
Orc:2 1 runed translucent door, exclusion: 3 orange crystal statues


Innate Abilities, Weirdness & Mutations

You are a tree.
Your roots penetrate the ground, keeping you stationary.
You cannot be teleported.
You are immune to unholy pain and torment.
Your maximum health is greatly increased.
Your equipment is partially melded.
You cannot be hasted, slowed, berserked, paralysed or teleported.
You can dig through walls and to a lower floor.
((You have a pair of large antennae on your head. (SInv)))
Your four strong arms can wield two-handed weapons with a shield.
You are strong-willed. (Will+)
((Your system is resistant to poisons. (rPois)))
You are robust. (+10% HP)
You expend magic power (3 MP) to strengthen your wands.


Message History

You puncture the orc warrior! You freeze the orc warrior.
You kill the orc warrior!
The orc warrior's corpse dissolves into shadows!
You block the orc sorcerer's attack.
The orc priest looks satisfied for a moment.
You block the orc warrior's attack.
The orange crystal statue glitters.
You resist with almost no effort.
The orc knight hits you but does no damage.
The orc sorcerer completely misses you.
You cannot move.
You hit the orc sorcerer but do no damage.
The orange crystal statue glitters.
You resist with some effort.
The orc warrior hits you with a +0 short sword.
* * * LOW HITPOINT WARNING * * *
The orange crystal statue glitters.
You resist with almost no effort.
The orc priest mumbles some strange prayers to Beogh against you.
Beogh smites you!
* * * LOW HITPOINT WARNING * * *
You block the orc knight's attack.
The orc sorcerer casts a spell.
You impale the orc sorcerer!! You freeze the orc sorcerer!
You kill the orc sorcerer!
The orc sorcerer's corpse dissolves into shadows!
The red devil disappears in a puff of smoke!
The hellwing disappears in a puff of smoke!
The orc warrior hits you but does no damage.
The orange crystal statue fixes its piercing gaze on you.
You feel dopey. Something feeds on your intellect!
You closely miss the orc knight.
The orange crystal statue glitters topaz in the dim dungeon light.
The orange crystal statue glitters.
You resist with almost no effort. You block the orc warrior's attack.
The orange crystal statue fixes its piercing gaze on you.
You feel your power leaking away.
The orc warrior hits you with a +0 battleaxe!
You die...

..♣#.........................[...
...#........................#....
♣.∩#......................[......
####.#.......#...............)).#
..............................[..
#.............................)..
##.#.......#...#########[......#.
##.#....#.#.#.[#§o{o..8#[[....#..
#...#.##....[..#♣#{o.#.#.[.......
##.#...##....[{#ooooo..#.)).[....
####.###.#..#)oooooo..+.....[).#
####...###[#..o{...#....#)..#
##.###..#.#...#.#....#.<..
####.[.#8.....8#.#.......
###.#..#########)##...)..
##.....[.).......)##......
#........#####.#...#......


You could see 3 orange crystal statues, an orc knight (summoned), 5 orc
warriors, 5 orc priests and 3 orcs.

Vanquished Creatures
  Gastronok (Lair:1)
  Fannar (Orc:1)
  Harold (D:10)
  5 hydras
  2 catoblepae (Lair:4)
  A boulder beetle (D:9)
  2 orc high priests
  Sonja (Orc:2)
  A sea snake (Lair:5)
  An orange crystal statue (Orc:2)
  3 harpies
  4 orc sorcerers (Orc:2)
  18 elephants
  3 black mambas
  6 cane toads
  2 kobold demonologists
  Psyche (D:8)
  9 komodo dragons
  A rime drake (Lair:1)
  4 polar bears
  6 trolls
  A hornet (D:9)
  12 blink frogs
  A wind drake (Lair:5)
  2 dream sheep (Lair:3)
  A wraith (D:11)
  A ynoxinul (D:9)
  5 wyverns
  16 yaks
  3 basilisks
  3 steam dragons
  4 wargs
  15 water moccasins
  2 acid dragons
  17 orc warriors
  2 sky beasts
  A swamp drake (D:9)
  3 black bears
  4 ice beasts
  5 ogres
  4 wolves (Lair:4)
  7 centaurs
  A phantom (D:7)
  6 kobold brigands
  11 bullfrogs
  2 scorpions
  2 gnoll sergeants
  9 wights
  11 killer bees
  4 howler monkeys
  3 hounds
  2 jellies
  2 gnoll boudas
  24 orc priests
  Crazy Yiuf (D:7)
  A sleepcap (D:6)
  6 iguanas
  33 orc wizards
  24 gnolls
  16 adders
  A river rat (D:6)
  A shadow imp (D:7)
  A white imp (D:7)
  2 ufetubi
  6 worms
  3 dart slugs
  80 orcs
  11 ball pythons
  8 bats
  10 endoplasms
  3 giant cockroaches
  6 goblins
  10 hobgoblins
  16 jackals
  41 kobolds
  5 quokkas
  6 frilled lizards
  8 rats
  A lurking horror (Lair:4)
559 creatures vanquished.

Vanquished Creatures (collateral kills)
  5 dream sheep (Lair:3)
  3 water moccasins (Lair:3)
8 creatures vanquished.

Vanquished Creatures (others)
  An orc wizard (D:7)
1 creature vanquished.

Grand Total: 568 creatures vanquished

Notes
Turn   | Place    | Note
-------+----------+-------------------------------------------
     0 | D:1      | CInkIbrahim the Formicid Fighter began the quest for the
                  | Orb.
     0 | D:1      | Reached XP level 1. HP: 18/18 MP: 1/1
    92 | D:1      | Reached XP level 2. HP: 24/24 MP: 2/2
   354 | D:1      | Reached XP level 3. HP: 25/29 MP: 3/3
   664 | D:1      | Reached XP level 4. HP: 35/35 MP: 4/4
  2133 | D:3      | Reached XP level 5. HP: 41/41 MP: 5/5
  2194 | D:3      | Found a snail-covered altar of Cheibriados.
  2232 | D:3      | Found an ornate altar of the Wu Jian Council.
  2283 | D:3      | Reached skill level 5 in Polearms
  2688 | D:4      | Noticed an ogre
  2696 | D:4      | Killed an ogre
  2697 | D:4      | Reached XP level 6. HP: 25/47 MP: 2/6
  2701 | D:4      | Found an ancient bone altar of Kikubaaqudgha.
  2701 | D:4      | Found a broken altar of Ashenzari.
  3095 | D:4      | Reached XP level 7. HP: 36/52 MP: 5/7
  3496 | D:5      | Entered Level 5 of the Dungeon
  4069 | D:5      | Reached XP level 8. HP: 57/58 MP: 8/8
  4070 | D:5      | Found a runed translucent door.
  4070 | D:5      | Noticed javelincjr's ghost (novice HOBe)
  4429 | D:5      | You fall into a shaft and drop 1 floor!
  4437 | D:6      | Found Erad's Antique Armour Shop.
  4751 | D:6      | HP: 2/58 [ogre/+0 giant spiked club (18)]
  4778 | D:6      | Reached skill level 10 in Polearms
  4893 | D:6      | Found a glowing drain.
  4909 | Sewer    | Entered a sewer
  5119 | Sewer    | Reached XP level 9. HP: 64/64 MP: 9/9
  6234 | D:5      | Found a staircase to the Ecumenical Temple.
  6800 | Temple   | Entered the Ecumenical Temple
  7795 | D:7      | Found a runed translucent door.
  7796 | D:7      | Noticed Crazy Yiuf
  7809 | D:7      | Killed Crazy Yiuf
  8549 | D:7      | Reached XP level 10. HP: 57/70 MP: 10/10
  8658 | D:7      | Found a radiant altar of Vehumet.
  9026 | D:7      | Found a sacrificial altar of Ru.
  9052 | D:7      | Identified a scroll of acquirement
  9052 | D:7      | Acquired the +2 pair of boots "Monar" {Will+ MP+9}
  9764 | D:8      | Noticed Psyche
  9769 | D:8      | Killed Psyche
  9770 | D:8      | Reached skill level 4 in Armour
  9770 | D:8      | Reached skill level 5 in Shields
 10445 | D:8      | Found a hazy altar of Hepliaklqana.
 10758 | D:9      | Found Zogui's Assorted Antiques.
 10764 | D:9      | Bought 3 scrolls labelled UBUJ DOEPPUOPP for 105 gold
                  | pieces
 10764 | D:9      | Bought a potion of heal wounds for 175 gold pieces
 10764 | D:9      | Bought a scroll of identify for 70 gold pieces
 10894 | D:9      | Found a bloodstained altar of Trog.
 10902 | D:9      | Reached skill level 5 in Fighting
 10902 | D:9      | Reached skill level 5 in Armour
 10951 | D:9      | Found a shimmering blue altar of Sif Muna.
 11025 | D:9      | Reached XP level 11. HP: 80/80 MP: 11/11
 11467 | D:9      | Reached skill level 6 in Armour
 11646 | D:9      | Found a staircase to the Orcish Mines.
 12078 | D:10     | Entered Level 10 of the Dungeon
 12217 | D:10     | Gained mutation: You are strong-willed. (Will+) [potion of
                  | mutation]
 12217 | D:10     | Gained mutation: Your system is resistant to poisons.
                  | (rPois) [potion of mutation]
 12217 | D:10     | Gained mutation: You expend magic power (3 MP) to
                  | strengthen your wands. [potion of mutation]
 12217 | D:10     | Gained mutation: You are robust. (+10% HP) [potion of
                  | mutation]
 12611 | D:10     | Noticed Harold
 12633 | D:10     | Killed Harold
 12634 | D:10     | Reached skill level 7 in Armour
 12778 | D:10     | Found a staircase to the Lair.
 12923 | D:10     | Found a blossoming altar of Fedhas.
 13746 | D:11     | Found Uning's General Store.
 13771 | D:11     | Bought a scroll of identify for 30 gold pieces
 13771 | D:11     | Bought a potion of might for 60 gold pieces
 13771 | D:11     | Bought 2 scrolls of poison for 120 gold pieces
 14010 | Lair:1   | Entered Level 1 of the Lair of Beasts
 14050 | Lair:1   | Found a runed translucent door.
 14050 | Lair:1   | Noticed FallenXxXSky's ghost (journeyman HuCK)
 14165 | Lair:1   | Reached skill level 8 in Armour
 14279 | Lair:1   | Noticed Gastronok
 14295 | Lair:1   | Killed Gastronok
 14296 | Lair:1   | Reached skill level 10 in Shields
 14296 | Lair:1   | Reached XP level 12. HP: 86/103 MP: 12/12
 14455 | Lair:1   | Reached skill level 9 in Armour
 15111 | Lair:2   | Found a staircase to the Shoals.
 15193 | Lair:2   | Reached skill level 10 in Fighting
 15193 | Lair:2   | Reached skill level 10 in Armour
 15238 | Lair:2   | Noticed an eight-headed hydra
 15248 | Lair:2   | Killed an eight-headed hydra
 15736 | Lair:2   | Reached skill level 12 in Armour
 15736 | Lair:2   | Reached XP level 13. HP: 118/118 MP: 13/13
 16292 | Lair:3   | Reached XP level 14. HP: 106/127 MP: 14/14
 16422 | Lair:3   | Found a staircase to the Snake Pit.
 17033 | Lair:4   | Reached skill level 13 in Armour
 17152 | Lair:4   | Found a viscous altar of Jiyva.
 17152 | Lair:4   | Found a staircase to the Slime Pits.
 17421 | Lair:4   | Found a corrupted altar of Lugonu.
 17580 | Lair:4   | Found a one-way gate to the infinite horrors of the Abyss.
 17582 | Lair:4   | Became a worshipper of Lugonu the Unformed
 18347 | Lair:5   | Entered Level 5 of the Lair of Beasts
 18434 | Lair:5   | Reached skill level 1 in Invocations
 18606 | Lair:4   | Reached skill level 14 in Armour
 19074 | Lair:5   | Reached * piety under Lugonu
 19284 | Lair:5   | Reached skill level 5 in Invocations
 19750 | Orc:1    | Entered Level 1 of the Orcish Mines
 19750 | Orc:1    | You fall into a shaft and drop 1 floor!
 19750 | Orc:2    | Entered Level 2 of the Orcish Mines
 19761 | Orc:2    | Found a runed translucent door.
 19989 | D:9      | Reached XP level 15. HP: 138/138 MP: 19/19
 20032 | Orc:1    | Found Nefobrif's Assorted Antiques.
 20080 | Orc:1    | Bought a scroll labelled OMIUFI FUTWEA for 37 gold pieces
 20402 | Orc:1    | Reached ** piety under Lugonu
 20419 | Orc:2    | Found the +10 tower shield of Ignorance {rN+ Int-4}
 20484 | Orc:2    | Found a runed translucent door.
 20741 | Orc:2    | Found Ebeottag's Armour Shop.
 20891 | Orc:2    | Reached *** piety under Lugonu
 20987 | Orc:2    | Found Zeropisack's Jewellery Emporium.
 20987 | Orc:2    | Found Qosmiusch's Armour Emporium.
 20988 | Orc:2    | Found Innikkid's Assorted Antiques.
 20998 | Orc:2    | Found Fosch's Book Shoppe.
 21083 | Orc:2    | Found a staircase to the Elven Halls.
 21102 | Orc:1    | Noticed Sonja
 21822 | Orc:1    | Noticed Fannar
 21851 | Orc:2    | Killed Sonja
 21868 | Orc:1    | Reached skill level 15 in Armour
 21930 | Orc:1    | Killed Fannar
 22457 | Orc:2    | Lost intelligence.
 22474 | Orc:2    | HP: 10/208 [orc priest/divine providence[an orange crystal
                  | statue] (13)]
 22476 | Orc:2    | Slain by an orc warrior

Illustrated notes

Levels and vault maps discovered:
D:1:      minmay_arrival_stone_box, layout_loops_corners, nicolae_grassy_gnolls
D:2:      layout_basic, minmay_misc_feat_diagonals, kennysheep_big_empty_room
D:3:      layout_loops_ring, kennysheep_slug_shrine, nzn_wu_jian_council_hall
D:4:      layout_rooms, chequers_temple_overflow_statue_of_worship
D:5:      layout_loops_ring, minmay_temple_entry_poolview,
          hellmonk_ghost_happy_afterlife, minmay_misc_feat_ornament,
          st_stairs_1, kennysheep_nub
D:6:      layout_basic, portal_sewer_entry_a, serial_shops,
          nicolae_shop_tiny_waterfront, hangedman_minor_gate_pass
D:7:      layout_rooms, mainiacjoe_overflow_24_doors, mainiacjoe_overflow_paths,
          amcnicky_mini_pool_small, minmay_manual_mullet,
          uniq_crazy_yiuf_cottage
D:8:      layout_cave_pods, nicolae_hepliaklqana_hazy_memory,
          nrook_mini_backslash, uniq_psyche
D:9:      layout_loops_ring, nzn_overflow_gifts_of_might_and_magic, erik_orc_1,
          serial_shops, nicolae_shop_stone, minivault_10
D:10:     layout_long_grid, old_standard_altar, erik_lair_dragon, uniq_harold
D:11:     minmay_the_grid_octo_tiled_octocenter [minmay_the_grid_octo_shrine,
          minmay_the_grid_octo_fan_narrow, minmay_the_grid_octo_odd_swirl,
          minmay_the_grid_octo_chip, minmay_the_grid_octo_prize_star,
          minmay_the_grid_square_5x5_lines, minmay_the_grid_square_5x5_two,
          minmay_the_grid_square_5x5_gyroscope,
          minmay_the_grid_square_5x5_minimal], layout_loops_ring, serial_shops,
          nicolae_diamond_shop
Temple:   nicolae_temple_x_marks_the_god
Lair:1:   layout_chaotic_city, ebering_ghost_inner_flame, minivault_24,
          beast_lair_carwin_6, uniq_gastronok
Lair:2:   layout_cave_pods, nicolae_shoals_entry_roost
Lair:3:   layout_roguey, minmay_snake_entry_six_corridors
Lair:4:   layout_hall_layers, nicolae_slime_entry_slimehenge,
          amcnicky_altar_lugonu_corruption
Lair:5:   gammafunk_lair_ancient_temple, layout_loops_ring, disabler_island,
          serial_bayou_shore_b
Orc:1:    layout_caves, serial_shops, shop, rock_pile, uniq_fannar, uniq_sonja
Orc:2:    st_orc_mages, layout_caves, serial_shops,
          nicolae_shop_pleasant_corner_grove, chequers_guarded_unrand_ignorance

Skill      XL: |  1  2  3  4  5  6  7  8  9 10 11 12 13 14 15 |
---------------+----------------------------------------------+-----
Polearms       | 3 4 6 7 8 10 13 14 | 14.5
Fighting       | 5 8 12 14 | 14.4
Armour         | 5 8 12 14 15 | 15.1
Shields        | 6 10 | 10.5
Invocations    | 5 7 |  7.1

Action                     |  1- 3 |  4- 6 |  7- 9 | 10-12 | 13-15 || total
---------------------------+-------+-------+-------+-------+-------++-------
  Melee: Trident           |    97 |   249 |   516 |       |       ||   862
         Quarterstaff      |       |       |    57 |   226 |    33 ||   316
         Halberd           |       |       |       |   407 |   662 ||  1069
  Throw: Dart              |       |       |       |     3 |       ||     3
Ability: Dig               |       |       |       |       |     1 ||     1
    Use: Scroll            |       |     5 |     8 |    13 |     6 ||    32
         Potion            |       |     2 |     8 |     3 |    11 ||    24
   Stab: Invisible         |       |       |     1 |       |       ||     1
         Petrified         |       |       |       |       |     5 ||     5
         Sleeping          |       |       |       |       |     1 ||     1
         Distracted        |       |       |       |       |     1 ||     1
 Armour: Scale mail        |    27 |    52 |   145 |   105 |       ||   329
         Chain mail        |       |       |       |    97 |   446 ||   543
         Skin              |       |       |       |       |    11 ||    11
  Dodge: Dodged            |    24 |    80 |   148 |   149 |   238 ||   639
  Block: Buckler           |    36 |    71 |   174 |   319 |   477 ||  1077
         Reflection        |       |     2 |     2 |    15 |    10 ||    29
